 Dungeon Crawl Stone Soup version 0.30-a0-371-gad7725a93e (webtiles) character file.

Game seed: 13615067188618023837

207543 Grillzange the Slayer (level 18, -6/134 (140) HPs)
             Began as a Gargoyle Fighter on Nov 19, 2022.
             Was the Champion of Ru.
             Mangled by the 27-headed Lernaean hydra (10 damage)
             ... on level 4 of the Swamp on Nov 20, 2022.
             The game lasted 02:19:34 (37545 turns).

Grillzange the Slayer (Gargoyle Fighter)           Turns: 37545, Time: 02:19:34

HP:   -6/134 (140)  AC: 62    Str: 25    XL:     18   Next: 75%
MP:   16/18         EV: 10    Int: 13    God:    Ru [******]
Gold: 2397          SH:  6    Dex: 17    Spells: 17/17 levels left

rFire   + . .      SeeInvis +    B - +6 whip (elec)
rCold   . . .      Faith    .    c - +1 buckler
rNeg    + . .      Spirit   .    f - +13 crystal plate armour "Cidicuf" {rF- Int+3 SInv}
rPois   ∞          Reflect  .    L - +5 helmet of Snakes and Ladders {Fly rF+ Dex+4}
rElec   +          Harm     .    n - scarf {repulsion}
rCorr   .          Rampage  .    G - +0 pair of gloves
Will    .....                    I - +1 pair of boots
Stlth   ..........               (no amulet)
HPRegen 0.42/turn                D - ring of protection from fire
MPRegen 0.16/turn                u - +4 ring of evasion

@: exhausted, on berserk cooldown, flying, slowed, studying Staves, lightly
drained, repel missiles, unable to read, very slow
A: sickness immunity, AC +13, big wings, negative energy resistance 1, screaming
2, electricity resistance, torment resistance 1, petrification resistance,
inability to read after injury 2, no stealth, hated by all, inability to train
dodging, no earth magic, no summoning magic, no transmutations magic,
weak-willed 1, disrupted magic 1, agile 1
}: 1/15 runes: gossamer
a: Renounce Religion, Draw Out Power, Power Leap, Apocalypse


You were on level 4 of the Swamp.
You worshipped Ru.
Ru was exalted by your worship.
You visited 6 branches of the dungeon, and saw 31 of its levels.
You visited the Abyss 1 time.

You collected 2885 gold pieces.
You spent 488 gold pieces at shops.

Inventory:

Hand Weapons
 p - a +1 whip of holy wrath
 B - a +6 whip of electrocution (weapon)
 J - a +0 demon whip of draining
Missiles
 j - 9 silver javelins
 H - 4 javelins (quivered)
Armour
 c - a +1 buckler (worn)
 f - the +13 crystal plate armour "Cidicuf" (worn) {rF- Int+3 SInv}
   (You acquired it on level 2 of the Dungeon)

   Int:       It affects your intelligence (+3).
   rF:        It makes you vulnerable to fire.
   SInv:      It lets you see invisible.
 n - a scarf of repulsion (worn)
 G - a +0 pair of gloves (worn)
 I - a +1 pair of boots (worn)
 L - the +5 helmet of Snakes and Ladders (worn) {Fly rF+ Dex+4}
   (You found it on level 2 of the Lair of Beasts)

   Dex:       It affects your dexterity (+4).
   rF:        It protects you from fire.
   Fly:       It grants you flight.
Jewellery
 a - a ring of resist corrosion
 l - a ring of fire
 o - the amulet of Elemental Vulnerability {rPois rF-- rC-- AC+8}
   (You took it off a gnoll on level 4 of the Dungeon)

   [amulet of nothing]

   AC:        It affects your AC (+8).
   rF:        It makes you very vulnerable to fire.
   rC:        It makes you very vulnerable to cold.
   rPois:     It protects you from poison.
 u - a +4 ring of evasion (right hand)
 D - a ring of protection from fire (left hand)
 E - a ring of see invisible
Wands
 b - a wand of flame (18)
 g - a wand of light (7)
 x - a wand of roots (15)
 F - a wand of polymorph (5)
 S - a wand of digging (6)
 T - a wand of mindburst (24)
Scrolls
 e - 7 scrolls of enchant armour
 q - 7 scrolls of poison
 r - 3 scrolls of identify
 s - 3 scrolls of silence
 w - 10 scrolls of teleportation
 z - 3 scrolls of fear
 A - 5 scrolls of magic mapping
 C - 2 scrolls of enchant weapon
 M - 4 scrolls of amnesia
Potions
 d - 4 potions of magic
 h - 9 potions of curing
 i - 4 potions of haste
 k - 8 potions of heal wounds
 m - 2 potions of invisibility
 t - 3 potions of might
 v - 4 potions of ambrosia
 O - 2 potions of cancellation
 R - 2 potions of brilliance


   Skills:
 + Level 24.7 Fighting
 - Level 12.0 Maces & Flails
 - Level 12.0 Throwing
 - Level 16.3 Armour
 - Level 4.0 Shields
 - Level 8.4 Evocations


You had 17 spell levels left.
You didn't know any spells.
Your spell library contained the following spells:

 Spells                   Type           Power      Damage    Failure   Level
 Freeze                   Ice            0%         1d3       100%        1
 Magic Dart               Conj           0%         1d3       100%        1
 Necrotise                Necr           0%         1d4       100%        1
 Blink                    Tloc           0%         N/A       100%        2
 Ensorcelled Hibernation  Hex/Ice        0%         N/A       100%        2
 Poisonous Vapours        Pois/Air       0%         N/A       100%        2
 Scorch                   Fire           0%         2d5       100%        2
 Searing Ray              Conj           0%         2d4       100%        2
 Frozen Ramparts          Ice            0%         1d1       100%        3
 Gell's Gravitas          Tloc           0%         N/A       100%        3
 Hailstorm                Conj/Ice       0%         3d3       100%        3
 Kindle Blastsparks       Fire/Tloc/Air  0%         2d10      100%        3
 Mephitic Cloud           Conj/Pois/Air  0%         N/A       100%        3
 Ozocubu's Armour         Ice            0%         N/A       100%        3
 Swiftness                Air            0%         N/A       100%        3
 Teleport Other           Tloc           0%         N/A       100%        3
 Vampiric Draining        Necr           0%         2d6       100%        3
 Airstrike                Air            0%         2d(0-16)  100%        4
 Anguish                  Hex/Necr       0%         N/A       100%        4
 Flame Wave               Conj/Fire      0%         2d4       100%        4
 Fulminant Prism          Conj/Hex       0%         3d5       100%        4
 Manifold Assault         Tloc           0%         N/A       100%        4
 Olgreb's Toxic Radiance  Pois           0%         N/A       100%        4
 Agony                    Necr           0%         N/A       100%        5
 Freezing Cloud           Conj/Ice/Air   0%         6-21      100%        5
 Iskenderun's Battlesphe  Conj           0%         2d6       100%        5
 Lightning Bolt           Conj/Air       0%         1d11      100%        5
 Metabolic Englaciation   Hex/Ice        0%         N/A       100%        5
 Dispersal                Tloc           0%         N/A       100%        6
 Ozocubu's Refrigeration  Ice            0%         4d7       100%        7
 Ignition                 Fire           0%         3d3       100%        8
 Maxwell's Capacitive Co  Air            0%         ∞         100%        8
 Sandblast                Erth           Unusable   2d4       N/A         1
 Call Imp                 Summ           Unusable   N/A       N/A         2
 Passwall                 Tmut/Erth      Unusable   N/A       N/A         2
 Ignite Poison            Fire/Tmut/Pois Unusable   N/A       N/A         3
 Stone Arrow              Conj/Erth      Unusable   3d7       N/A         3
 Summon Lightning Spire   Summ/Air       Unusable   N/A       N/A         4
 Death Channel            Necr           Unusable   N/A       N/A         6
 Iron Shot                Conj/Erth      Unusable   9d1       N/A         6
 Simulacrum               Ice/Necr       Unusable   N/A       N/A         6
 Summon Cactus Giant      Summ           Unusable   N/A       N/A         6
 Spellforged Servitor     Conj/Summ      Unusable   N/A       N/A         7
 Storm Form               Tmut/Air       Unusable   N/A       N/A         7

Dungeon Overview and Level Annotations

Branches:
Dungeon (15/15)            Temple (1/1) D:4            Lair (5/5) D:9
  Swamp (4/4) Lair:2       Spider (4/4) Lair:3        Slime (0/5) Lair:5
    Orc (2/2) D:10            Elf (0/3) Orc:2        Vaults (0/5) D:14
 Depths (0/4) D:15

Altars:
Cheibriados
Elyvilon
Gozag
Kikubaaqudgha
Nemelex Xobeh
Okawaru
Ru
Trog
Uskayaw
Vehumet
Zin
The Shining One

Shops:
D:3 [   D:6 *   D:8 *   D:9 *   Orc:2 !*:([

Portals:
Pandemonium: Orc:2

Annotations:
Swamp:4 Lernaean hydra


Innate Abilities, Weirdness & Mutations

You are immune to sickness and miasma.
Your stone body is resilient. (AC +13)
You are immune to poison.
Your large and strong wings let you fly.
You resist negative energy. (rN+)
You frequently scream uncontrollably at your foes.
You are resistant to electric shocks. (rElec)
You are resistant to unholy torment.
You are immune to petrification.
You sometimes lose the ability to read scrolls when taking damage.
You cannot be stealthy.
You are hated by all.
You cannot train Dodging skill.
You cannot study or cast Earth magic.
You cannot study or cast Summoning magic.
You cannot study or cast Transmutations magic.
You are slightly weak-willed. (Will-)
Your casting is slightly disrupted.
You are agile. (Dex +4, Str/Int -1)


Message History

* * * LOW HITPOINT WARNING * * *
The 27-headed Lernaean hydra bites you.
* * * LOW HITPOINT WARNING * * *
The 27-headed Lernaean hydra bites you but does no damage.
The 27-headed Lernaean hydra misses you.
The 27-headed Lernaean hydra bites you but does no damage. x3
The 27-headed Lernaean hydra closely misses you.
The 27-headed Lernaean hydra bites you but does no damage.
You block the 27-headed Lernaean hydra's attack.
The 27-headed Lernaean hydra barely misses you.
The six-headed hydra bites you but does no damage. x6
The 27-headed Lernaean hydra bites you but does no damage.
The 27-headed Lernaean hydra completely misses you.
The 27-headed Lernaean hydra bites you but does no damage. x4
The 27-headed Lernaean hydra closely misses you.
The 27-headed Lernaean hydra bites you but does no damage.
The 27-headed Lernaean hydra barely misses you.
The 27-headed Lernaean hydra bites you.
* * * LOW HITPOINT WARNING * * *
You block the 27-headed Lernaean hydra's attack.
The 27-headed Lernaean hydra bites you but does no damage. x6
The 27-headed Lernaean hydra closely misses you.
The 27-headed Lernaean hydra bites you but does no damage. x3
You block the 27-headed Lernaean hydra's attack.
The 27-headed Lernaean hydra barely misses you.
The 27-headed Lernaean hydra completely misses you.
The 27-headed Lernaean hydra barely misses you.
The 27-headed Lernaean hydra bites you but does no damage. x2
The swamp drake begins to attack, but is stunned by your conviction!
The 27-headed Lernaean hydra attacks as you move away!
The 27-headed Lernaean hydra bites you but does no damage. x6
The 27-headed Lernaean hydra bites you.
* * * LOW HITPOINT WARNING * * *
The 27-headed Lernaean hydra bites you!
* * * LOW HITPOINT WARNING * * *
The 27-headed Lernaean hydra bites you.
* * * LOW HITPOINT WARNING * * *
The 27-headed Lernaean hydra bites you but does no damage.
The 27-headed Lernaean hydra bites you!
You die...

♣~~~.†.D♣♣♣♣♣♣....♣
♣♣.....♣♣♣♣♣♣♣♣...♣
♣..D.♣♣ ♣.~.♣ ♣~~♣
♣♣♣♣~D♣♣♣.~~♣♣♣♣♣♣♣♣
♣.DD♣~~~~♣♣.~~~~♣♣♣♣♣♣ ♣♣
♣.~~D.~§♣♣♣.~~~~~~~~~♣♣♣♣.
♣...k~..♣♣♣~.~~~§§..~~♣♣~~
♣♣~...DHD♣♣~?<....†.~~.§~○
♣~~§§~♣D@~.♣~♣♣♣~~~~~..§☼
♣.~~~~D~~.♣♣♣♣♣♣♣...~~v☼§
♣~~~~~~~~.~♣~~♣ ♣♣♣♣~♣§§○
♣.~~~~~.~~.♣♣§.♣ ♣♣♣§.♣
♣.~~~~♣~...♣♣..♣ ♣~♣♣
♣...~~♣♣♣♣♣~<..♣ ♣♣♣
♣♣♣♣♣♣ ♣♣(.♣♣ ♣♣♣♣


You could see the 27-headed Lernaean hydra, a six-headed hydra, a four-headed
hydra, 5 swamp dragons, a fenstrider witch and a swamp drake.

Vanquished Creatures
  Mara (Spider:4)
  Jorgrun (Orc:1)
  Rupert (D:14)
  2 thorn hunters (Swamp:4)
  2 emperor scorpions
  4 ghost moths
  9 broodmothers
  5 eleionomae
  3 bunyips
  2 spark wasps (Spider:3)
  Snorg (Lair:4)
  A shambling mangrove (Swamp:4)
  6 entropy weavers
  A vault guard (D:14)
  Erolcha (D:9)
  An ice dragon (Lair:5)
  4 jorogumos
  16 hydras
  3 radroaches
  3 catoblepae (Lair:5)
  A demonspawn (Orc:2)
  The ghost of grizmgrazm2 the Thaumaturge, a journeyman DjCj of Makhleb (Lair:2)
  4 ghost crabs
  5 centaur warriors
  8 alligators
  4 boulder beetles
  3 two-headed ogres
  8 death yaks
  4 orc high priests (Orc:2)
  Sonja (Lair:4)
  Urug (D:11)
  2 large abominations (Abyss:2)
  2 pharaoh ants
  A fire crab (shapeshifter) (D:13)
  2 sun moths
  4 goliath frogs
  10 steelbarb worms
  11 orb spiders
  5 bog bodies
  5 swamp dragons
  A necromancer (D:15)
  A wolf spider zombie (D:15)
  A wizard (D:15)
  3 spriggan druids
  9 orc knights
  32 wolf spiders
  4 orc sorcerers (Orc:2)
  A deep elf zephyrmancer (D:15)
  2 deep elf pyromancers (D:13)
  4 manticores
  24 ugly things
  2 moths of wrath
  3 will-o-the-wisps
  2 cyclopes (D:11)
  Joseph (D:7)
  6 elephants (Lair:5)
  A naga mage (D:15)
  A centaur zombie (D:15)
  8 black mambas
  A smoke demon (Abyss:2)
  A centaur skeleton (D:15)
  8 torpor snails
  2 gargoyles
  10 cane toads
  2 rime drakes (Lair:3)
  2 unseen horrors (D:13)
  Maggie (D:8)
  6 komodo dragons
  7 demonic crawlers
  A tengu conjurer (D:15)
  A hellwing (Orc:2)
  2 freezing wraiths
  A meliai (shapeshifter) (D:14)
  5 trolls
  9 meliai
  Prince Ribbit (D:7)
  8 tyrant leeches
  8 hornets
  3 polar bears
  31 tarantellas
  21 blink frogs
  4 slime creatures
  A snapping turtle (shapeshifter) (D:14)
  An air elemental (Abyss:2)
  35 jumping spiders
  2 shadows
  67 yaks
  A vampire (D:9)
  5 wyverns
  23 culicivoras
  9 spriggans
  2 wraiths
  Eustachio (D:4)
  3 basilisks
  A human (shapeshifter) (D:12)
  A ynoxinul (Abyss:2)
  A chaos spawn (Orc:2)
  2 neqoxecs
  Grum (D:11)
  A warg (Orc:2)
  53 redbacks
  7 vampire mosquitoes
  Duvessa (D:7)
  Edmund (D:4)
  12 swamp worms
  12 water moccasins
  44 orc warriors
  6 swamp drakes
  2 black bears
  9 ogres
  3 boggarts
  10 centaurs
  24 wolves
  2 lemures (D:6)
  2 phantoms (D:5)
  6 kobold brigands
  6 bullfrogs
  A gnoll sergeant (D:10)
  3 scorpions
  A necrophage (D:4)
  4 wights (D:9)
  Dowan (D:7)
  40 killer bees
  5 electric eels
  5 howler monkeys
  A crimson imp (Abyss:2)
  4 jellies
  5 quasits (D:7)
  39 orc priests
  4 hounds
  2 gnoll boudas
  7 iguanas
  27 orc wizards
  A hell rat (D:9)
  8 adders
  19 gnolls
  A river rat (D:9)
  5 shadow imps
  10 white imps
  8 ufetubi
  2 worms
  5 dart slugs
  90 orcs
  5 bats
  5 endoplasms
  A giant cockroach (D:3)
  9 hobgoblins
  5 jackals
  5 quokkas
  4 ball pythons
  2 frilled lizards
  13 goblins
  24 kobolds
  6 rats
1124 creatures vanquished.

Vanquished Creatures (collateral kills)
  An orc sorcerer (Orc:2)
1 creature vanquished.

Vanquished Creatures (others)
  A broodmother (Spider:3)
  A hydra (Swamp:3)
  A centaur warrior (D:12)
  2 alligators
  An orc high priest (Orc:2)
  2 pharaoh ants
  A sun moth (Spider:1)
  A wizard (D:15)
  A wolf spider (Spider:3)
  An orc sorcerer (Orc:2)
  A cane toad (Lair:4)
  A komodo dragon (D:12)
  3 tarantellas
  A wyvern (Lair:4)
  A spriggan (Swamp:2)
  A culicivora (Spider:4)
  A yak (Lair:5)
  A redback (Spider:1)
  An orc warrior (Orc:2)
  A boggart (D:14)
  A wolf (Lair:2)
  An orc wizard (D:10)
  A gnoll (D:10)
  5 orcs
  An endoplasm (D:4)
  A ball python (D:4)
  2 briar patches (Swamp:4)
  25 foxfires
  23 fungi
  36 plants
120 creatures vanquished.

Grand Total: 1245 creatures vanquished

Notes
Turn   | Place    | Note
-------+----------+-------------------------------------------
     0 | D:1      | Grillzange the Gargoyle Fighter began the quest for the
                  | Orb.
     0 | D:1      | Reached XP level 1. HP: 14/14 MP: 1/1
    60 | D:1      | Reached XP level 2. HP: 19/19 MP: 2/2
   363 | D:1      | Reached XP level 3. HP: 23/23 MP: 3/3
   908 | D:2      | Identified a scroll of acquirement
   908 | D:2      | Acquired the +13 crystal plate armour "Cidicuf" {rF- Int+3
                  | SInv}
  1119 | D:2      | Reached XP level 4. HP: 25/28 MP: 4/4
  1411 | D:2      | Reached XP level 5. HP: 32/32 MP: 5/5
  1679 | D:3      | Reached skill level 5 in Maces & Flails
  1723 | D:3      | Found Leruoc's Antique Armour Emporium.
  1743 | D:3      | Upgraded the game from 0.30-a0-368-g86fb4627a9 to
                  | 0.30-a0-371-gad7725a93e
  1795 | D:3      | Found a faded altar of an unknown god.
  2155 | D:4      | Noticed Eustachio
  2183 | D:4      | Killed Eustachio
  2184 | D:4      | Reached XP level 6. HP: 34/37 MP: 6/6
  2361 | D:4      | Found a hide-covered altar of Uskayaw.
  2405 | D:4      | Noticed Edmund
  2423 | D:4      | Killed Edmund
  2424 | D:4      | Reached XP level 7. HP: 35/41 MP: 7/7
  2972 | D:4      | Identified the +3 leather armour "Pagunkuo" {rN+}
  3005 | D:4      | Found a blossoming altar of Fedhas.
  3199 | D:4      | Found a staircase to the Ecumenical Temple.
  3213 | Temple   | Entered the Ecumenical Temple
  3301 | Temple   | Became a worshipper of Ru the Awakened
  3493 | D:5      | Entered Level 5 of the Dungeon
  3597 | D:5      | Reached XP level 8. HP: 40/46 MP: 8/8
  3945 | D:5      | Found a glowing silver altar of Zin.
  3945 | D:5      | Found an iron altar of Okawaru.
  4009 | D:5      | Reached skill level 10 in Maces & Flails
  4499 | D:6      | Found Bounil's General Store.
  4627 | D:5      | Reached XP level 9. HP: 10/51 MP: 9/9
  5074 | D:6      | Gained mutation: You occasionally shout uncontrollably at
                  | your foes. [Ru sacrifice]
  5606 | D:6      | Gained mutation: Your flesh is cold resistant. (rC+)
                  | [potion of mutation]
  5606 | D:6      | Gained mutation: You have sharp toenails. [potion of
                  | mutation]
  5606 | D:6      | Gained mutation: Your movements are slightly less
                  | encumbered by armour. (ER -2) [potion of mutation]
  5807 | D:7      | Noticed Joseph
  5856 | D:7      | Killed Joseph
  5857 | D:7      | Reached skill level 4 in Fighting
  6019 | D:7      | Found a white marble altar of Elyvilon.
  6031 | D:7      | Noticed Dowan
  6036 | D:7      | Noticed Duvessa
  6046 | D:7      | Reached skill level 5 in Fighting
  6046 | D:7      | Reached skill level 5 in Armour
  6067 | D:7      | Killed Duvessa
  6072 | D:7      | Killed Dowan
  6609 | D:7      | Noticed Prince Ribbit
  6670 | D:7      | Killed Prince Ribbit
  6671 | D:7      | Reached skill level 6 in Fighting
  6671 | D:7      | Reached XP level 10. HP: 25/60 MP: 10/10
  7588 | D:8      | Noticed Maggie
  7603 | D:8      | Gained mutation: You cannot train Dodging skill. [Ru
                  | sacrifice]
  7603 | D:8      | Reached * piety under Ru
  7610 | D:8      | Killed Maggie
  7611 | D:8      | Reached skill level 7 in Fighting
  7844 | D:8      | Found Kelo's General Store.
  8251 | D:9      | Noticed Erolcha
  8260 | Abyss:2  | Cast into level 2 of the Abyss (Erolcha)
  8337 | Abyss:2  | Paralysed by an air elemental for 1 turns
  8353 | Abyss:2  | Noticed a large abomination
  8378 | Abyss:2  | Noticed a starcursed mass
  8445 | Abyss:2  | Noticed a large abomination
  8450 | Abyss:2  | Noticed a large abomination
  8475 | Abyss:2  | Noticed a smoke demon
  8486 | Abyss:2  | Killed a large abomination
  8487 | Abyss:2  | Reached skill level 8 in Fighting
  8491 | Abyss:2  | Killed a large abomination
  8509 | Abyss:2  | Killed a smoke demon
  8510 | Abyss:2  | Reached skill level 9 in Fighting
  8548 | Abyss:2  | Gained mutation: You occasionally lose the ability to read
                  | scrolls when taking damage. [a neqoxec]
  8568 | D:9      | Escaped the Abyss
  8575 | D:9      | Killed Erolcha
  8576 | D:9      | Reached XP level 11. HP: 35/72 MP: 11/11
  8758 | D:9      | Reached skill level 10 in Fighting
  8758 | D:9      | Reached skill level 10 in Armour
  8828 | D:9      | Found a radiant altar of Vehumet.
  8907 | D:9      | Noticed a boulder beetle
  9048 | D:9      | Killed a boulder beetle
  9246 | D:9      | Found Kiekiaw's Changing Room.
  9286 | D:9      | Noticed a death yak
  9306 | D:9      | Noticed a death yak
  9308 | D:9      | Noticed a death yak
  9312 | D:9      | Killed a death yak
  9342 | D:9      | Killed a death yak
  9343 | D:9      | Reached skill level 11 in Fighting
  9360 | D:9      | Killed a death yak
  9444 | D:9      | Found a staircase to the Lair.
  9525 | D:9      | Mutation became permanent: You occasionally lose the
                  | ability to read scrolls when taking damage. [Ru sacrifice]
  9525 | D:9      | Gained mutation: You occasionally lose the ability to read
                  | scrolls when taking damage. [Ru sacrifice]
  9525 | D:9      | Gained mutation: You sometimes lose the ability to read
                  | scrolls when taking damage. [Ru sacrifice]
  9525 | D:9      | Reached ** piety under Ru
  9761 | D:9      | Found an ancient bone altar of Kikubaaqudgha.
  9820 | D:10     | Entered Level 10 of the Dungeon
 10031 | D:10     | Found a glowing golden altar of the Shining One.
 10367 | D:10     | Reached skill level 1 in Throwing
 10367 | D:10     | Reached XP level 12. HP: 70/81 MP: 12/12
 10420 | D:10     | Reached skill level 12 in Fighting
 10630 | D:10     | Found a staircase to the Orcish Mines.
 10816 | D:11     | Lost mutation: You have sharp toenails. [potion of
                  | mutation]
 10816 | D:11     | Lost mutation: Your movements are slightly less encumbered
                  | by armour. (ER -2) [potion of mutation]
 10816 | D:11     | Lost mutation: Your flesh is cold resistant. (rC+) [potion
                  | of mutation]
 10816 | D:11     | Gained mutation: You occasionally lose the ability to drink
                  | potions when taking damage. [potion of mutation]
 10816 | D:11     | Gained mutation: You have sharp toenails. [potion of
                  | mutation]
 11028 | D:11     | Noticed Urug
 11044 | D:11     | Killed Urug
 11139 | D:11     | Noticed Grum
 11186 | D:11     | Killed Grum
 11534 | D:11     | Reached skill level 13 in Fighting
 11859 | Lair:1   | Entered Level 1 of the Lair of Beasts
 11969 | Lair:1   | Gained mutation: You are slightly weak-willed. (Will-) [Ru
                  | sacrifice]
 11969 | Lair:1   | Reached *** piety under Ru
 11969 | Lair:1   | Reached **** piety under Ru
 11983 | Lair:1   | Reached skill level 5 in Throwing
 13180 | Lair:2   | Found a staircase to the Swamp.
 13303 | Lair:2   | Reached skill level 14 in Fighting
 13317 | Lair:2   | Reached XP level 13. HP: 69/90 MP: 13/13
 13555 | Lair:2   | Found a runed translucent door.
 13556 | Lair:2   | Identified the +3 spear of Exquisite Death {drain, rF+
                  | SInv}
 13556 | Lair:2   | Noticed grizmgrazm2's ghost (journeyman DjCj)
 13592 | Lair:2   | Killed grizmgrazm2's ghost
 13647 | Lair:2   | HP: 3/91 [komodo dragon[a boggart] (7)]
 13649 | Lair:2   | HP: 1/91 [cane toad[a boggart] (3)]
 13665 | Lair:2   | Lost mutation: You have sharp toenails. [potion of
                  | mutation]
 13665 | Lair:2   | Lost mutation: You occasionally lose the ability to drink
                  | potions when taking damage. [potion of mutation]
 13665 | Lair:2   | Gained mutation: You sometimes lose your temper in combat.
                  | [potion of mutation]
 13665 | Lair:2   | Lost mutation: You sometimes lose your temper in combat.
                  | [potion of mutation]
 13848 | Lair:2   | Identified the +5 helmet of Snakes and Ladders {Fly rF+
                  | Dex+4}
 14274 | Lair:3   | Gained mutation: You cannot study or cast Earth magic. [Ru
                  | sacrifice]
 14274 | Lair:3   | Gained mutation: You cannot study or cast Transmutations
                  | magic. [Ru sacrifice]
 14274 | Lair:3   | Gained mutation: You cannot study or cast Summoning magic.
                  | [Ru sacrifice]
 14274 | Lair:3   | Reached ***** piety under Ru
 14381 | Lair:3   | Found a hole to the Spider Nest.
 14646 | Lair:3   | Gained mutation: Your magical capacity is low. (-10% MP)
                  | [potion of mutation]
 14646 | Lair:3   | Gained mutation: Your body sometimes deteriorates upon
                  | taking damage. [potion of mutation]
 14646 | Lair:3   | Gained mutation: You are partially covered in iridescent
                  | scales. (AC +2) [potion of mutation]
 14817 | Lair:3   | Reached skill level 15 in Fighting
 15073 | Lair:3   | Identified the +1 scale mail of Hamaj {Will+ Str+7 Int-4}
 15409 | Lair:4   | Noticed Sonja
 15485 | Lair:4   | Killed Sonja
 15698 | Lair:4   | Noticed Snorg
 15725 | Lair:4   | Killed Snorg
 16034 | Lair:4   | Identified the +7 falchion of the Clean God {freeze, rN+
                  | Will+ Str-4}
 16194 | Lair:4   | Gained mutation: Your casting is slightly disrupted. [Ru
                  | sacrifice]
 16449 | Lair:5   | Entered Level 5 of the Lair of Beasts
 16479 | Lair:5   | Noticed an ice dragon
 16499 | Lair:5   | Killed an ice dragon
 16500 | Lair:5   | Reached skill level 16 in Fighting
 16561 | Lair:5   | Gained mutation: Your large and strong wings let you fly.
                  | [Gargoyle growth]
 16561 | Lair:5   | Reached XP level 14. HP: 83/100 MP: 12/12
 16622 | Lair:5   | Reached skill level 10 in Throwing
 16999 | Lair:5   | Found a staircase to the Slime Pits.
 17511 | Lair:5   | Reached skill level 17 in Fighting
 19567 | D:13     | Got the Atlas of the Doomed Nimbus
 19625 | D:13     | Reached skill level 18 in Fighting
 19799 | D:13     | Reached XP level 15. HP: 108/108 MP: 13/13
 20688 | D:14     | Noticed Rupert
 20688 | D:14     | Paralysed by Rupert for 2 turns
 20731 | D:14     | Killed Rupert
 20961 | D:14     | Reached skill level 1 in Evocations
 21742 | D:14     | Found a gate to the Vaults.
 21933 | D:15     | Entered Level 15 of the Dungeon
 22261 | D:15     | Reached skill level 19 in Fighting
 23307 | D:15     | Found a staircase to the Depths.
 23348 | D:15     | Lost mutation: You are partially covered in iridescent
                  | scales. (AC +2) [potion of mutation]
 23348 | D:15     | Lost mutation: Your magical capacity is low. (-10% MP)
                  | [potion of mutation]
 23348 | D:15     | Gained mutation: You frequently scream uncontrollably at
                  | your foes. [potion of mutation]
 23348 | D:15     | Gained mutation: You occasionally lose the ability to drink
                  | potions when taking damage. [potion of mutation]
 23348 | D:15     | Gained mutation: You have an increased reservoir of magic.
                  | (+10% MP) [potion of mutation]
 23519 | Orc:1    | Entered Level 1 of the Orcish Mines
 23552 | Orc:1    | Noticed Jorgrun
 23578 | Orc:1    | Killed Jorgrun
 23781 | Orc:1    | Gained mutation: You cannot be stealthy. [Ru sacrifice]
 23988 | Orc:2    | Entered Level 2 of the Orcish Mines
 24812 | Orc:2    | Found Yheugalo's General Store.
 25019 | Orc:2    | Found Jafawask's Distillery.
 25122 | Orc:2    | Reached XP level 16. HP: 107/117 MP: 17/17
 25176 | Orc:2    | Bought a potion of mutation for 112 gold pieces
 25176 | Orc:2    | Bought a potion of mutation for 112 gold pieces
 25176 | Orc:2    | Lost mutation: You occasionally lose the ability to drink
                  | potions when taking damage. [potion of mutation]
 25176 | Orc:2    | Lost mutation: You have an increased reservoir of magic.
                  | (+10% MP) [potion of mutation]
 25176 | Orc:2    | Gained mutation: You have a pair of small horns on your
                  | head. [potion of mutation]
 25176 | Orc:2    | Lost mutation: Your body sometimes deteriorates upon taking
                  | damage. [potion of mutation]
 25176 | Orc:2    | Gained mutation: You are agile. (Dex +4, Str/Int -1)
                  | [potion of mutation]
 25177 | Orc:2    | Lost mutation: You are agile. (Dex +4, Str/Int -1) [potion
                  | of mutation]
 25177 | Orc:2    | Lost mutation: You have a pair of small horns on your head.
                  | [potion of mutation]
 25177 | Orc:2    | Gained mutation: You are agile. (Dex +4, Str/Int -1)
                  | [potion of mutation]
 25401 | Orc:2    | Reached skill level 20 in Fighting
 25411 | Orc:2    | Paralysed by an orc sorcerer for 3 turns
 25433 | Orc:2    | Reached skill level 5 in Evocations
 25727 | Orc:2    | Paralysed by an orc sorcerer for 5 turns
 26026 | Orc:2    | Found Ehyhaorch's Antique Weapon Shop.
 26026 | Orc:2    | Found Xave's Book Boutique.
 26027 | Orc:2    | Found a one-way gate leading to the halls of Pandemonium.
 26035 | Orc:2    | Bought a fading great sword for 264 gold pieces
 26035 | Orc:2    | Identified the +8 great sword of Ysiloaj {venom, Int+2}
                  | (You bought it in a shop on level 2 of the Orcish Mines)
 26105 | Orc:2    | Found a staircase to the Elven Halls.
 26106 | Orc:2    | Found Yqigunk's Antique Armour Boutique.
 26488 | Spider:1 | Entered Level 1 of the Spider Nest
 26499 | Spider:1 | Gained mutation: You are hated by all. [Ru sacrifice]
 26499 | Spider:1 | Reached ****** piety under Ru
 28934 | Spider:2 | Reached skill level 21 in Fighting
 29936 | Spider:3 | Reached XP level 17. HP: 120/126 MP: 12/17
 30829 | Spider:3 | Reached skill level 15 in Armour
 31570 | Spider:4 | Entered Level 4 of the Spider Nest
 31711 | Spider:4 | Reached skill level 22 in Fighting
 32548 | Spider:4 | Noticed Mara
 32585 | Spider:4 | Noticed Grillzange's illusion
 32585 | Spider:4 | Killed Mara
 33576 | Spider:4 | Reached XP level 18. HP: 92/136 MP: 18/18
 33613 | Spider:4 | Reached skill level 23 in Fighting
 33962 | Spider:4 | Got a gossamer rune of Zot
 34302 | Swamp:1  | Entered Level 1 of the Swamp
 35524 | Swamp:2  | Identified the +3 chain mail of Autumn {Str+4}
 36569 | Swamp:3  | Reached skill level 24 in Fighting
 37012 | Swamp:4  | Entered Level 4 of the Swamp
 37490 | Swamp:4  | Noticed the 27-headed Lernaean hydra
 37545 | Swamp:4  | HP: 4/134 [the 27-headed Lernaean hydra (5)]
 37545 | Swamp:4  | Mangled by the 27-headed Lernaean hydra

Illustrated notes

Levels and vault maps discovered:
D:1:      moated_graveyard_arrival, layout_basic, reono_crystal_passage
D:2:      minmay_chambers_of_ones, layout_rooms
D:3:      layout_basic, serial_shops, shop, nicolae_ecumenical_pavilion,
          minmay_misc_feat_five, minmay_stone_trees_large
D:4:      layout_cave_pools, nicolae_uskayaw_dance_hall, fedhas_altar_2,
          temple_hall, serial_column_ruins, column_ruins_grid_1,
          column_ruins_grid_1, column_ruins_open_small,
          column_ruins_columns_straight, column_ruins_columns_dead_end,
          uniq_edmund, uniq_eustachio
D:5:      layout_basic, mainiacjoe_overflow_large_starburst
D:6:      layout_cave_pods, serial_shops, kennysheep_mini, minmay_manual_mail,
          uniq_pikel
D:7:      layout_loops_ring, mainiacjoe_overflow_boulevard, serial_demonic,
          serial_demonic_f, serial_demonic_d, serial_demonic_d,
          serial_demonic_f, serial_demonic_g, serial_demonic_g,
          serial_demonic_d, kennysheep_cross_room, uniq_duvessa, uniq_joseph,
          uniq_prince_ribbit1
D:8:      layout_loops_ring, serial_shops, shop, centaur_isle, uniq_maggie
D:9:      layout_small_grid, lemuel_round_altar, mainiacjoe_overflow_alcove_2,
          dpeg_lair_monsters, nicolae_transmutations_shop,
          minmay_mirror_moons_of_madness, uniq_erolcha
D:10:     layout_roguey, lemuel_coloured_pillars_altar, erik_orc_1
D:11:     layout_gridville, hangedman_decor_points, uniq_urug, uniq_grum
D:12:     minmay_bloctagon_deflated, layout_gridville
D:13:     layout_roguey
D:14:     layout_small_grid, david_vaults_5, grunt_decor_resistance,
          grunt_ministairs_13, uniq_rupert
D:15:     grunt_enter_depths_magical_seal, layout_long_grid
Temple:   dpeg_chambers_temple
Lair:1:   layout_roguey, serial_bayou_lagoon_a, serial_bayou_shore_a,
          serial_bayou_shore_b, lemuel_fruit_fields, lemuel_fruit_tree
Lair:2:   layout_regular_city, minmay_swamp_entry_reptiles,
          ebering_ghost_funeral_grove
Lair:3:   layout_concentric_octagons, spider_nest_entry_rubble,
          portal_ice_cave_rime, minmay_holes, grunt_megastairs_5
Lair:4:   wad_woods_minihive, layout_loops_ring, uniq_snorg, uniq_sonja
Lair:5:   evilmike_catoblepas_cave, layout_concentric_octagons, slime_entry_1,
          bobbens_ice_dragon_lair, infiniplex_staircase_pool
Swamp:1:  layout_basic_swamp, hangedman_swamp_lotus
Swamp:2:  layout_basic_swamp, evilmike_swamp_ruin_house_5
Swamp:3:  layout_basic_swamp, evilmike_swamp_ruin_house_4, swamp_pool4,
          infiniplex_staircase_pool_2
Swamp:4:  swamp_alternative, layout_basic_swamp
Spider:1: layout_cave_pods, nicolae_spider_eight_legs
Spider:2: layout_spider_delve
Spider:3: layout_spider_delve
Spider:4: hellmonk_spider_rune_endless_swarm, uniq_mara
Orc:1:    layout_caves, uniq_jorgrun
Orc:2:    pf_orc_diabolical, layout_caves, serial_shops,
          nicolae_shop_window_shopping

Skill      XL: |  1  2  3  4  5  6  7  8  9 10 11 12 13 14 15 16 17 18 |
---------------+-------------------------------------------------------+-----
Shields        | 4 |  4.0
Maces & Flails | 3 4 6 7 9 11 12 | 12.0
Fighting       | 6 9 11 14 16 18 19 21 22 24 | 24.7
Armour         | 6 9 11 13 14 15 16 | 16.3
Throwing       | 1 6 9 12 | 12.0
Evocations     | 4 7 8 |  8.4

Action                   |  1- 3 |  4- 6 |  7- 9 | 10-12 | 13-15 | 16-18 || total
-------------------------+-------+-------+-------+-------+-------+-------++-------
Melee: Flail             |   105 |    21 |   547 |    96 |       |       ||   769
       Whip              |       |   161 |       |  1033 |  2544 |  2608 ||  6346
       Kick              |       |       |    44 |   198 |       |       ||   242
Throw: Javelin           |       |       |       |       |     2 |     3 ||     5
Invok: Sacrifice Purity  |       |       |     1 |       |       |       ||     1
       Sacrifice Nimblen |       |       |       |     1 |       |       ||     1
       Sacrifice Words   |       |       |       |     1 |       |       ||     1
       Sacrifice Essence |       |       |       |     1 |     1 |       ||     2
       Power Leap        |       |       |       |       |     8 |    16 ||    24
       Sacrifice Arcana  |       |       |       |       |     1 |       ||     1
       Reject Sacrifices |       |       |       |       |     1 |       ||     1
       Apocalypse        |       |       |       |       |     1 |     1 ||     2
       Sacrifice Stealth |       |       |       |       |     1 |       ||     1
       Draw Out Power    |       |       |       |       |       |     2 ||     2
       Sacrifice Love    |       |       |       |       |       |     1 ||     1
Evoke: Wand              |       |       |       |     1 |     6 |     3 ||    10
  Use: Scroll            |     4 |     4 |     7 |    10 |     5 |     5 ||    35
       Potion            |       |     3 |     4 |     4 |     7 |    10 ||    28
 Stab: Distracted        |       |       |       |     2 |     9 |    19 ||    30
       Confused          |       |       |       |     1 |       |       ||     1
       Invisible         |       |       |       |     3 |     6 |    24 ||    33
       Paralysed         |       |       |       |       |     4 |     2 ||     6
       Petrified         |       |       |       |       |    11 |       ||    11
Armor: Scale mail        |    22 |       |    96 |       |       |       ||   118
       Crystal plate arm |    30 |   203 |   338 |   573 |  1446 |  2494 ||  5084
       Skin              |       |       |    18 |       |       |       ||    18
Dodge: Dodged            |    39 |    18 |   122 |   224 |   602 |   992 ||  1997
       Repelled          |       |       |     2 |     1 |     9 |     7 ||    19
Block: Buckler           |    25 |    60 |   125 |   203 |   483 |   752 ||  1648

Table legend: (Time is in decaauts)
 A = Elapsed time spent in this place.
 B = Non-inter-level travel time spent in this place.
 C = Inter-level travel time spent in this place.
 D = Time resting spent in this place.
 E = Time spent auto-exploring this place.
 F = Levels seen in this place.
 G = Mean time per level.
                   A        B        C        D        E       F      G
               +--------+--------+--------+--------+--------+-----+--------+
         Total |  34799 |  33254 |   1545 |   3312 |  21180 |  32 | 1087.5 |
       Dungeon |  15807 |  15021 |    786 |    724 |  10330 |  15 | 1053.8 |
        Temple |    104 |    104 |      0 |      0 |     58 |   1 |  104.0 |
          Lair |   6474 |   5918 |    556 |    414 |   4005 |   5 | 1294.8 |
         Swamp |   2851 |   2815 |     36 |    167 |   1945 |   4 |  712.8 |
   Spider Nest |   6751 |   6652 |     99 |   1505 |   3368 |   4 | 1687.8 |
  Orcish Mines |   2552 |   2486 |     66 |    432 |   1474 |   2 | 1276.0 |
         Abyss |    258 |    258 |      0 |     70 |      0 |   1 |  258.0 |
               +--------+--------+--------+--------+--------+-----+--------+

Top non-repeatable levels by time:
Spider:4: 2273 daAuts
Spider:1: 1780 daAuts
   Orc:2: 1718 daAuts
Spider:3: 1636 daAuts
  Lair:5: 1633 daAuts
  Lair:2: 1536 daAuts
     D:8: 1416 daAuts
    D:14: 1388 daAuts
  Lair:3: 1265 daAuts
     D:9: 1237 daAuts
    D:15: 1190 daAuts
     D:5: 1146 daAuts
     D:7: 1140 daAuts
 Swamp:3: 1137 daAuts
    D:13: 1110 daAuts
